 Dungeon Crawl Stone Soup version 0.18-a0-1521-g59d19af (webtiles) character file.

384 FrancescoMac the Cutter (level 7, -5/70 HPs)
             Began as a Halfling Berserker on Mar 7, 2016.
             Was a Priest of Trog.
             Killed by nerve-wracking pain
             ... invoked by an orc priest
              (12 damage)
             ... on level 4 of the Dungeon.
             The game lasted 00:10:13 (4279 turns).

FrancescoMac the Cutter (Halfling Berserker)        Turns: 4279, Time: 00:10:13

Health: -5/70      AC:  4    Str: 21 (23) XL:     7   Next: 6%
Magic:  7/7        EV: 16    Int:  4 (6)  God:    Trog [***...]
Gold:   140        SH:  0    Dex: 14 (15) Spells: 0 memorised, 6 levels left

rFire  . . .     SeeInvis .     a - +1 short sword
rCold  . . .     Gourm    .     b - +1 animal skin
rNeg   . . .     Faith    .     (shield restricted)
rPois  .         Spirit   .     (no helmet)
rElec  .         Dismiss  .     (no cloak)
rCorr  .         Reflect  .     (no gloves)
SustAt .         Harm     .     h - +0 pair of boots
MR     .....                    (no amulet)
Stlth  ..........               (no ring)
                                (no ring)

@: berserking, very quick, not resistant to hostile enchantments, extremely
unstealthy
A: mutation resistance 1
a: Berserk, Trog's Hand, Burn Spellbooks, Renounce Religion


You were on level 4 of the Dungeon.
You worshipped Trog.
Trog was most pleased with you.
You were not hungry.

You visited 1 branch of the dungeon, and saw 4 of its levels.

You collected 140 gold pieces.

Inventory:

Hand Weapons
 a - a +1 short sword (weapon)
Armour
 b - a +1 animal skin (worn)
 h - a +0 pair of boots (worn)
 m - a cursed +0 chain mail
Scrolls
 d - a scroll of enchant weapon
 l - 5 scrolls of identify
 p - a scroll of remove curse
Potions
 e - 2 potions of curing
 f - a potion of ambrosia
 g - a potion of brilliance
 j - 3 potions of magic
 k - a potion of flight
Comestibles
 c - 2 bread rations
 q - a beef jerky
 t - 3 chunks of flesh
 v - a meat ration


   Skills:
 + Level 3.9 Fighting
 + Level 6.1 Short Blades
 + Level 4.0 Armour
 + Level 4.4 Dodging


You had 6 spell levels left.
You didn't know any spells.

Dungeon Overview and Level Annotations

Branches:
Dungeon (4/15)
 Temple: D:4-7

Altars:
Cheibriados
Fedhas
Kikubaaqudgha
Makhleb
Nemelex Xobeh
Okawaru
Qazlal


Innate Abilities, Weirdness & Mutations

You are small and have problems with some larger weapons.
You are somewhat resistant to further mutation.


Message History

You kill the orc priest!
Trog accepts your kill.
You have reached level 7!
You hit the orc.
The orc is almost dead.
The orc closely misses you.
You puncture the orc!
You kill the orc!
Trog accepts your kill.
Your Armour skill increases to level 4!
The orc priest calls down the wrath of Beogh upon you.
Beogh smites you!
* * * LOW HITPOINT WARNING * * *
The orc hits you but does no damage. x2
Items here: )) [[ † a club; a leather armour; a short sword; a chain mail; an orc corpse You closely miss the orc priest.
The orc priest mumbles some strange prayers to Beogh against you.
Pain shoots through your body!
You die...

#...# #.##...#
#...# #.##...#
...... ..##...#
##...
#####...########
..
.............[...
######...########
#...#...
####...#o#####.#.
#........@o...<..
#.########o......
# .###.#. .. .##
.# .# .#


You could see an orc priest and 2 orcs.

Vanquished Creatures
  A black bear (D:3)
  An orc priest (D:4)
  2 orc wizards (D:3)
  A gnoll (D:2)
  7 adders
  An ooze (D:1)
  4 worms (D:2)
  7 dart slugs
  A giant gecko (D:2)
  11 orcs
  3 bat zombies (D:2)
  2 giant cockroaches (D:1)
  9 goblins
  9 hobgoblins
  6 jackals
  8 kobolds
  3 quokkas (D:3)
  6 bats
  6 giant newts
  8 rats
  A rat zombie (D:2)
97 creatures vanquished.

Notes
Turn   | Place    | Note
--------------------------------------------------------------
     0 | D:1      | FrancescoMac the Halfling Berserker began the quest for the Orb.
     0 | D:1      | Reached XP level 1. HP: 15/15 MP: 1/1
   216 | D:1      | Reached XP level 2. HP: 20/20 MP: 2/2
   438 | D:1      | Reached XP level 3. HP: 22/25 MP: 3/3
   746 | D:1      | Reached ** piety under Trog
   982 | D:2      | Reached XP level 4. HP: 30/30 MP: 4/4
  1122 | D:2      | Found a sparkling altar of Nemelex Xobeh.
  1455 | D:2      | Found an iron altar of Okawaru.
  1469 | D:2      | Reached skill level 5 in Short Blades
  1764 | D:2      | Found a burning altar of Makhleb.
  1861 | D:2      | Reached XP level 5. HP: 27/36 MP: 5/5
  2224 | D:2      | Found a stormy altar of Qazlal.
  2500 | D:2      | Found an ancient bone altar of Kikubaaqudgha.
  3095 | D:3      | Noticed a black bear
  3106 | D:3      | Killed a black bear
  3106 | D:3      | Reached XP level 6. HP: 4/42 MP: 6/6
  3453 | D:3      | Reached *** piety under Trog
  3798 | D:3      | Reached skill level 6 in Short Blades
  4235 | D:4      | Found a blossoming altar of Fedhas.
  4240 | D:4      | Found a snail-covered altar of Cheibriados.
  4275 | D:4      | Reached XP level 7. HP: 17/47 MP: 7/7
  4279 | D:4      | Killed from afar by an orc priest

Vault maps used:
D:1:      lightli_arrival_quake, hangedman_decor_lopped
D:2:      lemuel_upstairs_altar, grunt_qazlal_sundering,
          lemuel_zombie_altar_kikubaaqudgha, overflow_temple_1_default,
          nemelex_xobeh_ov_fountains_minmay, hangedman_decor_riveting,
          okawaru_altar_gauntlet_db
D:3:      first_bread
D:4:      kennysheep_the_goblin_king, fedhas_altar_3,
          minmay_temple_entry_glassed_door, cheibriados_altar_1

Skill      XL: |  1  2  3  4  5  6  7 |
---------------+----------------------+-----
Fighting       | 3 |  3.9
Armour         | 3 4 |  4.0
Dodging        | 3 4 |  4.4
Short Blades   | 5 6 |  6.1

Action                   |  1- 3 |  4- 6 |  7- 9 || total
-------------------------+-------+-------+-------++-------
Melee: Short sword       |    98 |   265 |     3 ||   366
Invok: Berserk           |     1 |     3 |       ||     4
  Use: Scroll            |     7 |     4 |       ||    11
       Potion            |       |     6 |       ||     6
 Stab: Sleeping          |     2 |     2 |       ||     4
  Eat: Chunk             |     1 |     7 |       ||     8
       Beef jerky        |       |     1 |       ||     1
       Bread ration      |       |     1 |       ||     1
